 Dungeon Crawl Stone Soup version 0.30.1-11-g7821555f0a (webtiles) character file.

Game seed: 16301775517699443035

853896 comborobin the Invulnerable (level 27, -7/253 (271) HPs)
             Began as a Hill Orc Delver on Dec 23, 2023.
             Was the Champion of Cheibriados.
             Mangled by a juggernaut simulacrum (12 damage)
             ... on level 4 of Cocytus on Dec 24, 2023.
             The game lasted 02:31:32 (60924 turns).

comborobin the Invulnerable (Hill Orc Delver)      Turns: 60924, Time: 02:31:34

HP:   -7/253 (271)  AC: 48    Str: 63      XL:     27
MP:   9/35          EV: 30    Int: 24 (25) God:    Cheibriados [******]
Gold: 5134          SH:  0    Dex: 31      Spells: 24/42 levels left

rFire   + + .        b - +9 bardiche (spect)
rCold   + + .        (shield currently unavailable)
rNeg    + + +        V - +2 plate armour of the Land of Plenty {Drain rF+ Regen+ Str+3}
rPois   +            F - +2 helmet {SInv}
rElec   +            R - +0 cloak of the Lich-sworn {Regen+}
rCorr   +            l - +2 pair of gloves {Str+3}
SInv    +            O - +5 pair of boots of Quosaj {+Inv rCorr Int+2 Dex+4}
Will    ++...        S - amulet of Disaster {Fragile rElec rPois Regen+ Int-2} Stlth
                     A - ring of the Real Monster {Drain Fly Str+10 Int+2}
HPRegen 3.02/turn    u - ring "Qigudgh" {*Slow Fly rC+ rN+++ Str+7 Int-4}
MPRegen 0.24/turn

%: slow self (1%)
@: flying, studying 4 skills, drained, unable to drink, very slow
A: iridescent scales 3, cold resistance 1, deterioration 2, fire resistance 1,
weak 1, inability to drink after injury 1
}: 10/15 runes: serpentine, barnacled, slimy, silver, abyssal, demonic, glowing,
magical, fiery, dark
a: Renounce Religion, Evoke Invisibility, Bend Time, Temporal Distortion,
Slouch, Step From Time


You were on level 4 of Cocytus.
You worshipped Cheibriados.
Cheibriados was exalted by your worship.
You visited 13 branches of the dungeon, and saw 56 of its levels.
You visited Pandemonium 1 time, and saw 17 of its levels.
You visited the Abyss 4 times.
You visited 1 bazaar.
You also visited: Trove, Sewer and Gauntlet.

You collected 13790 gold pieces.
You spent 8656 gold pieces at shops.

Inventory:

Hand Weapons
 a - the +5 glaive of the Guard {elec, spectral, AC+5}
   (You acquired it on level 9 of the Dungeon)

   AC:        It affects your AC (+5).
 b - a +9 spectral bardiche (weapon)
 f - a +7 heavy great mace
Missiles
 T - 2 throwing nets (quivered)
Armour
 d - +7 gold dragon scales
 l - a +2 pair of gloves of strength (worn)
 y - a +2 cloak of preservation
 F - a +2 helmet of see invisible (worn)
 O - the +5 pair of boots of Quosaj (worn) {+Inv rCorr Int+2 Dex+4}
   (You acquired it in a treasure trove)

   Int:       It affects your intelligence (+2).
   Dex:       It affects your dexterity (+4).
   +Inv:      It lets you turn invisible.
   rCorr:     It protects you from acid and corrosion.
 R - the +0 cloak of the Lich-sworn (worn) {Regen+}
   (You found it in a Gauntlet)

   Regen:     It increases your rate of health regeneration.
 V - the +2 plate armour of the Land of Plenty (worn) {Drain rF+ Regen+ Str+3}
   (You took it off a deep elf high priest on level 5 of the Vaults)

   Str:       It affects your strength (+3).
   rF:        It protects you from fire.
   Regen:     It increases your rate of health regeneration.
   Drain:     It drains your maximum health when unequipped.
Jewellery
 i - the ring "Cihore" {rC++ AC+4}
   (You found it on level 2 of the Snake Pit)

   [ring of protection]

   AC:        It affects your AC (+4).
   rC:        It greatly protects you from cold.
 u - the ring "Qigudgh" (right hand) {*Slow Fly rC+ rN+++ Str+7 Int-4}
   (You bought it in a shop on level 2 of the Elven Halls)

   [ring of protection from cold]

   Str:       It affects your strength (+7).
   Int:       It affects your intelligence (-4).
   rC:        It protects you from cold.
   rN:        It renders you almost immune to negative energy.
   Fly:       It grants you flight.
   *Slow:     It may slow you when you take damage.
 w - a ring of willpower
 A - the ring of the Real Monster (left hand) {Drain Fly Str+10 Int+2}
   (You bought it in a shop on level 2 of the Elven Halls)

   [ring of strength]

   Str:       It affects your strength (+10).
   Int:       It affects your intelligence (+2).
   Fly:       It grants you flight.
   Drain:     It drains your maximum health when unequipped.
 D - the ring "Nam Tughaang" {Fly rF+ EV+5 Str+2 Dex-4}
   (You bought it in a shop on level 2 of the Elven Halls)

   [ring of evasion]

   EV:        It affects your evasion (+5).
   Str:       It affects your strength (+2).
   Dex:       It affects your dexterity (-4).
   rF:        It protects you from fire.
   Fly:       It grants you flight.
 J - the ring of Liupnaom {Wiz rCorr Str+3 Dex-3}
   (You found it in Pandemonium)

   [ring of wizardry]

   It improves your spell success rate.
   Str:       It affects your strength (+3).
   Dex:       It affects your dexterity (-3).
   rCorr:     It protects you from acid and corrosion.
 N - the ring of Daunnor {+Blink rPois Int+6 Stlth+}
   (You found it in Pandemonium)

   [ring of intelligence]

   Int:       It affects your intelligence (+6).
   rPois:     It protects you from poison.
   +Blink:    It lets you blink.
   Stlth:     It makes you more stealthy.
 S - the amulet of Disaster (around neck) {Fragile rElec rPois Regen+ Int-2}
   (You bought it in a shop on level 1 of the Depths)

   [amulet of regeneration]

   Int:       It affects your intelligence (-2).
   rElec:     It insulates you from electricity.
   rPois:     It protects you from poison.
   Regen:     It increases your rate of health regeneration.
   Fragile:   It will be destroyed if unequipped.
 U - the ring of Suicidal Tendencies {rC+ rN++ Will- Int+6 Slay+2}
   (You took it off a minotaur in a Gauntlet)

   [ring of intelligence]

   Int:       It affects your intelligence (+6).
   Slay:      It affects your accuracy & damage with ranged weapons and melee
   (+2).
   rC:        It protects you from cold.
   rN:        It greatly protects you from negative energy.
   Will:      It decreases your willpower.
 Y - the ring of Suspected Treachery {Fly rElec rC+ Slay+3}
   (You took it off an ironbound convoker on level 5 of the Vaults)

   [ring of protection from cold]

   Slay:      It affects your accuracy & damage with ranged weapons and melee
   (+3).
   rC:        It protects you from cold.
   rElec:     It insulates you from electricity.
   Fly:       It grants you flight.
Wands
 n - a wand of roots (117)
 p - a wand of mindburst (36)
 t - a wand of charming (73)
 E - a wand of digging (18)
 P - a wand of polymorph (38)
 W - a wand of quicksilver (26)
Scrolls
 c - 9 scrolls of fog
 e - 10 scrolls of poison
 h - 5 scrolls of silence
 m - 10 scrolls of amnesia
 o - 21 scrolls of teleportation
 q - 7 scrolls of magic mapping
 r - 11 scrolls of immolation
 v - 8 scrolls of noise
 x - 19 scrolls of blinking
 B - 9 scrolls of vulnerability
 H - 13 scrolls of fear
 Q - 5 scrolls of butterflies
Potions
 g - 6 potions of attraction
 j - 2 potions of resistance
 k - 4 potions of magic
 s - 10 potions of brilliance
 z - 23 potions of curing
 C - 13 potions of lignification
 G - 4 potions of berserk rage
 I - 7 potions of heal wounds
 K - 5 potions of might
 L - 6 potions of cancellation
 M - 4 potions of mutation
 X - 6 potions of invisibility
 Z - 10 potions of flight


   Skills:
 - Level 26.9 Fighting
 - Level 3.1(23.9) Axes
 - Level 17.9(18.0) Maces & Flails
 - Level 26.0 Polearms
 O Level 27 Armour
 * Level 18.5 Dodging
 - Level 4.1 Stealth
 - Level 8.0 Spellcasting
 - Level 8.2 Necromancy
 - Level 16.0 Translocations
 - Level 3.0 Transmutations
 - Level 15.0 Invocations
 - Level 0.3 Evocations


You had 24 spell levels left.
You knew the following spells:

 Your Spells              Type           Power      Damage    Failure   Level
g - Sublimation of Blood  Necr           48%        N/A       1%          2
h - Passage of Golubria   Tloc           72%        N/A       1%          4
o - Ozocubu's Armour      Ice            9%         N/A       30%         3
w - Passwall              Tmut/Erth      13%        N/A       9%          2
A - Apportation           Tloc           100%       N/A       0%          1
M - Manifold Assault      Tloc           72%        N/A       1%          4
S - Wereblood             Tmut           24%        N/A       4%          2

Your spell library contained the following spells:

 Spells                   Type           Power      Damage    Failure   Level
 Kiss of Death            Conj/Necr      100%       2d13      1%          1
 Necrotise                Necr           100%       1d9       1%          1
 Blink                    Tloc           100%       N/A       1%          2
 Lesser Beckoning         Tloc           100%       N/A       1%          2
 Momentum Strike          Conj/Tloc      96%        3d10      1%          2
 Gell's Gravitas          Tloc           72%        N/A       1%          3
 Teleport Other           Tloc           72%        N/A       1%          3
 Vampiric Draining        Necr           48%        2d9       1%          3
 Volatile Blastmotes      Fire/Tloc      96%        2d18      1%          3
 Dispersal                Tloc           36%        N/A       2%          6
 Beastly Appendage        Tmut           48%        N/A       3%          1
 Animate Dead             Necr           48%        N/A       3%          4
 Dispel Undead            Necr           48%        3d18      3%          4
 Cigotuvi's Dreadful Rot  Necr/Pois/Air  44%        N/A       5%          2
 Agony                    Necr           48%        N/A       10%         5
 Foxfire                  Conj/Fire      36%        2x1d5     11%         1
 Freeze                   Ice            36%        1d5       11%         1
 Magic Dart               Conj           36%        1d4       11%         1
 Sandblast                Erth           18%        2d7       11%         1
 Slow                     Hex            36%        N/A       11%         1
 Summon Small Mammal      Summ           36%        N/A       11%         1
 Summon Forest            Summ/Tloc      24%        N/A       11%         5
 Call Imp                 Summ           18%        N/A       16%         2
 Ensorcelled Hibernation  Hex/Ice        18%        N/A       16%         2
 Poisonous Vapours        Pois/Air       18%        N/A       16%         2
 Scorch                   Fire           18%        2d6       16%         2
 Searing Ray              Conj           18%        2d5       16%         2
 Static Discharge         Conj/Air       18%        2-3/arc   16%         2
 Spider Form              Tmut/Pois      16%        N/A       17%         3
 Anguish                  Hex/Necr       14%        N/A       19%         4
 Ignite Poison            Fire/Tmut/Pois 14%        N/A       21%         3
 Confusing Touch          Hex            9%         N/A       30%         3
 Frozen Ramparts          Ice            18%        1d3       30%         3
 Hailstorm                Conj/Ice       9%         3d4       30%         3
 Inner Flame              Hex/Fire       9%         N/A       30%         3
 Mephitic Cloud           Conj/Pois/Air  9%         N/A       30%         3
 Stone Arrow              Conj/Erth      18%        3d8       30%         3
 Summon Guardian Golem    Hex/Summ       9%         N/A       30%         3
 Swiftness                Air            9%         N/A       30%         3
 Tukima's Dance           Hex            9%         N/A       30%         3
 Borgnjor's Vile Clutch   Necr/Erth      14%        N/A       47%         5
 Ice Form                 Ice/Tmut       16%        N/A       50%         4
 Petrify                  Tmut/Erth      16%        N/A       50%         4
 Death Channel            Necr           24%        N/A       50%         6
 Disjunction              Tloc           36%        N/A       67%         8
 Airstrike                Air            4%         2d(1-17)  71%         4
 Animate Armour           Summ/Erth      18%        N/A       71%         4
 Flame Wave               Conj/Fire      9%         2d6       71%         4
 Fulminant Prism          Conj/Hex       4%         3d5       71%         4
 Leda's Liquefaction      Hex/Erth       4%         N/A       71%         4
 Sticky Flame             Conj/Fire      9%         2d3       71%         4
 Summon Ice Beast         Ice/Summ       9%         N/A       71%         4
 Summon Lightning Spire   Summ/Air       9%         N/A       71%         4
 Alistair's Intoxication  Tmut/Pois      10%        N/A       83%         5
 Yara's Violent Unravell  Hex/Tmut       8%         3d5       83%         5
 Fireball                 Conj/Fire      4%         3d4       96%         5
 Freezing Cloud           Conj/Ice/Air   4%         6-21      96%         5
 Lee's Rapid Deconstruct  Erth           4%         3d5*      96%         5
 Metabolic Englaciation   Hex/Ice        4%         N/A       96%         5
 Silence                  Hex/Air        4%         N/A       96%         5
 Summon Mana Viper        Hex/Summ       9%         N/A       96%         5
 Simulacrum               Ice/Necr       14%        N/A       96%         6
 Conjure Ball Lightning   Conj/Air       4%         3x3d6     100%        6
 Eringya's Noxious Bog    Tmut/Pois      8%         N/A       100%        6
 Iron Shot                Conj/Erth      4%         9d2       100%        6
 Plasma Beam              Fire/Air       4%         2x1d16    100%        6
 Starburst                Conj/Fire      4%         6d4       100%        6
 Statue Form              Tmut/Erth      10%        N/A       100%        6
 Summon Cactus Giant      Summ           4%         N/A       100%        6
 Enfeeble                 Hex            4%         N/A       100%        7
 Haunt                    Necr/Summ      14%        N/A       100%        7
 Monstrous Menagerie      Summ           4%         N/A       100%        7
 Ozocubu's Refrigeration  Ice            4%         4d8       100%        7
 Storm Form               Tmut/Air       8%         N/A       100%        7
 Summon Hydra             Summ           4%         N/A       100%        7
 Borgnjor's Revivificati  Necr           24%        N/A       100%        8
 Ignition                 Fire           4%         3d4       100%        8
 Lehudib's Crystal Spear  Conj/Erth      4%         10d3      100%        8
 Necromutation            Tmut/Necr      18%        N/A       100%        8
 Chain Lightning          Conj/Air       4%         3d6       100%        9
 Death's Door             Necr           24%        N/A       100%        9
 Dragon's Call            Summ           4%         N/A       100%        9


Dungeon Overview and Level Annotations

Branches:
Dungeon (15/15)            Temple (1/1) D:4            Lair (5/5) D:11
 Shoals (4/4) Lair:3        Snake (4/4) Lair:2        Slime (5/5) Lair:5
    Orc (2/2) D:10            Elf (3/3) Orc:2        Vaults (5/5) D:14
  Crypt (3/3) Vaults:3       Tomb (0/3) Crypt:3      Depths (4/4) D:15
   Hell (visited)             Dis (0/7) Hell            Coc (4/7) Hell
    Zot (0/5) Depths:4      Sewer (visited)         Gauntlet (visited)
    Geh: Hell:1         Tar: Hell:1

Altars:
Ashenzari
Cheibriados
Dithmenos
Elyvilon
Fedhas
Kikubaaqudgha
Makhleb
Nemelex Xobeh
Qazlal
Ru
Sif Muna
Trog
Wu Jian
Xom
Yredelemnul
Zin
Beogh
Jiyva

Shops:
D:8 (   D:12 *   Orc:2 :[(:   Elf:2 =   Snake:1 **   Depths:1 ==:
Depths:2 (:(!

Portals:
Hell: Depths:1 Depths:2 Depths:3 Depths:4
Abyss: Depths:3
Pandemonium: Depths:2
Ziggurat: Depths:4

Annotations:
D:10 1 runed translucent door, FallenXxXSky's ghost, journeyman DsGl
Crypt:2 1 runed translucent door, Voydouki's ghost, veteran MiGl


Innate Abilities, Weirdness & Mutations

You are completely covered in iridescent scales. (AC +6)
Your flesh is cold resistant. (rC+)
Your body often deteriorates upon taking damage.
Your flesh is heat resistant. (rF+)
You are weak. (Str -2)
You occasionally lose the ability to drink potions when taking damage.


Message History

* * * LOW HITPOINT WARNING * * *
The wendigo bites you but does no damage.
The water elemental attacks as you move away!
The water elemental completely misses you.
Unknown command.
Unknown command.
You miss the wendigo.
Your +9 spectral bardiche hits the wendigo from afar!!!!
Unknown command.
You slice the wendigo!!
You kill the wendigo!
Cheibriados thoroughly appreciates the change of pace.
Your +9 spectral bardiche disappears.
You hit the water elemental.
The water elemental is moderately damaged.
Your +9 spectral bardiche hits the water elemental from afar!!!
You destroy the water elemental!
The water elemental disappears in a puff of smoke!
You cut the titan into ribbons!!!!
You kill the titan!
Cheibriados thoroughly appreciates the change of pace.
Your +9 spectral bardiche disappears.
You slice the juggernaut simulacrum!!
The juggernaut simulacrum is heavily damaged.
Your +9 spectral bardiche hits the juggernaut simulacrum from afar!!!!
The juggernaut simulacrum vaporises!
Cheibriados thoroughly appreciates the change of pace.
You slice the elemental wellspring!!
The elemental wellspring is moderately damaged.
Your +9 spectral bardiche hits the elemental wellspring from afar!!!
You destroy the elemental wellspring!
Cheibriados appreciates the change of pace.
You slice the juggernaut simulacrum!!
The juggernaut simulacrum is moderately damaged.
Your +9 spectral bardiche hits the juggernaut simulacrum from afar!!
The juggernaut simulacrum hits you!!!
* * * LOW HITPOINT WARNING * * *
Your body deteriorates!
You feel dopey. The juggernaut simulacrum freezes you! You resist.
You die...

≈≈≈≈≈≈≈≈~....≈≈≈≈§E§
≈≈≈≈≈≈≈≈~~≈.≈≈≈≈EC.E
≈≈≈≈≈≈≈≈~~≈≈≈≈≈≈≈§.§
..≈≈≈≈≈≈≈~≈≈≈≈≈≈≈≈9.
.....≈≈≈≈~≈≈.≈≈≈#≈≈.
#...E≈~≈≈~≈≈≈≈≈≈.
##§~.C∩~≈≈≈≈≈≈~
#Z##.~≈~≈≈≈≈≈≈~
#~#@##.≈≈≈≈≈≈≈≈~
#.###(#..≈≈≈≈≈≈≈~
#Z# #.#.≈≈≈≈≈≈≈~ #Z#
#...≈≈≈≈≈≈~ #.#
....≈≈≈≈~~ ~.#
..~~≈≈≈≈≈~≈ ~~ #~~
##


You could see a juggernaut simulacrum and a friendly +9 spectral bardiche.

Vanquished Creatures
  Cerebov (Pan)
  the Royal Jelly (Slime:5)
  Gloorx Vloq (Pan)
  2 pandemonium lords (Pan)
  Lom Lobon (Pan)
  A seraph (Pan)
  Mnoleg (Pan)
  2 dread liches
  An ancient lich (Vaults:5)
  A juggernaut (Depths:2)
  Sojobo (Vaults:5)
  Geryon (Hell)
  Nikola (Elf:3)
  3 caustic shrikes (Depths:3)
  4 golden dragons
  2 bone dragons (Crypt:3)
  Jory (Vaults:2)
  A pearl dragon (Pan)
  4 Brimstone Fiends (Pan)
  4 Tzitzimimeh (Pan)
  A hellephant (Hell)
  Rupert (D:15)
  10 tentacled monstrosities
  Zenata (Vaults:4)
  2 Ice Fiends
  A shard shrike skeleton (Crypt:3)
  4 Hell Sentinels (Pan)
  5 liches
  5 titans
  An acid blob (shapeshifter) (Vaults:5)
  3 quicksilver dragons (Vaults:5)
  20 acid blobs
  28 Executioners
  3 krakens
  5 sphinxes
  6 tentacled starspawn
  10 ancient champions
  7 shadow dragons
  Gastronok (Lair:2)
  4 storm dragons
  Roxanne (Snake:1)
  18 azure jellies
  A fire giant (shapeshifter) (D:13)
  12 rockslimes
  A revenant (Crypt:2)
  20 daevas (Pan)
  11 fire giants
  6 tengu reavers
  A draconian knight (Depths:4)
  5 nagarajas
  Donald (Snake:1)
  10 frost giants
  The ghost of Ekaitz the Stormcaller, an adept TeAE of Vehumet (Snake:2)
  A nargun (Coc:3)
  14 balrugs (Pan)
  5 demonspawn warmongers (Pan)
  11 vault wardens
  2 shard shrike simulacra
  4 iron dragons
  5 curse skulls
  Aizul (Snake:3)
  5 spectral caustic shrikes (Depths:1)
  2 orc warlords (Orc:2)
  6 deep elf sorcerers
  21 cacodemons
  2 draconian annihilators (Pan)
  A caustic shrike zombie (Abyss:3)
  16 ophanim (Pan)
  16 ironbound preservers
  12 reapers
  32 angels (Pan)
  A draconian shifter (Depths:4)
  12 ghouls
  A spriggan defender (Depths:2)
  4 demonspawn blood saints (Pan)
  10 deep elf elementalists
  4 deep elf demonologists
  8 vampire knights
  2 quicksilver oozes
  14 stone giants
  5 war gargoyles
  4 demonspawn corrupters (Pan)
  Nessos (Lair:5)
  5 elemental wellsprings
  4 demonspawn black suns (Pan)
  21 apis (Pan)
  36 very ugly things
  A green draconian (Depths:4)
  A starflower (Abyss:3)
  A black draconian (Depths:4)
  2 minotaurs
  9 ironbound thunderhulks
  11 deep elf annihilators
  3 dire elephants
  5 wendigos
  A white draconian (Depths:4)
  An eleionoma (shapeshifter) (Depths:2)
  7 lorocyprocas
  2 yellow draconians (Depths:4)
  A bunyip (shapeshifter) (Vaults:5)
  2 purple draconians (Depths:4)
  5 jiangshi
  6 eidola
  10 green deaths
  3 merfolk javelineers
  14 blizzard demons
  4 crystal guardians
  12 ettins
  9 deep elf death magi
  8 merfolk impalers
  13 yaktaur captains
  9 deep elf high priests
  8 fire dragons
  Josephine (D:11)
  A quicksilver dragon skeleton (Abyss:3)
  12 great orbs of eyes
  8 salamander tyrants
  33 vault guards
  11 hydras
  A kraken zombie (Hell)
  4 peacekeepers
  10 ice dragons
  9 rakshasas
  A catoblepas (Lair:5)
  3 spriggan skeletons
  7 spriggan air magi
  4 merfolk avatars
  A merfolk aquamancer (Shoals:2)
  3 ogre magi (Vaults:5)
  2 juggernaut simulacra
  An Orb Guardian zombie (Crypt:2)
  3 caustic shrike simulacra
  A jorogumo (shapeshifter) (D:13)
  2 alligator snapping turtles (Shoals:4)
  A fenstrider witch zombie (Abyss:3)
  2 boulder beetles
  3 death knights
  9 centaur warriors
  9 ironbound frosthearts
  2 hell beasts (Pan)
  5 death yaks (Lair:5)
  13 anacondas
  24 dancing weapons
  9 satyrs (Shoals:4)
  6 two-headed ogres
  12 deep troll shamans
  6 vampire magi
  7 hell hogs
  23 naga warriors
  8 tengu warriors
  5 deep troll earth magi
  10 naga sharpshooters
  6 thrashing horrors
  5 wretched stars
  11 shock serpents
  22 soul eaters
  4 hell knights
  A shock serpent (shapeshifter) (Vaults:1)
  3 spriggan berserkers
  Nergalle (D:10)
  20 deep elf knights
  48 sun demons
  27 sixfirhies
  2 titan skeletons
  13 cherubim (Pan)
  11 shadow wraiths
  35 skeletal warriors
  A skyshark (shapeshifter) (Vaults:5)
  A storm dragon skeleton (Pan)
  5 salamander mystics
  A spatial maelstrom (Abyss:3)
  6 skysharks
  A bunyip zombie (Crypt:3)
  10 iron trolls
  12 sea snakes
  3 glowing orange brains
  10 naga ritualists
  A sea snake (shapeshifter) (Vaults:5)
  A spriggan simulacrum (Coc:2)
  A bog body (Crypt:2)
  55 deep trolls
  15 shadow demons (Pan)
  5 flayed ghosts
  9 lindwurms
  14 mana vipers
  29 deep elf zephyrmancers
  5 necromancers
  18 wizards
  Pikel (D:8)
  22 harpies
  5 orc knights
  7 deep elf archers
  20 phantasmal warriors
  A stone giant zombie (Crypt:1)
  27 deep elf pyromancers
  A sphinx zombie (Crypt:2)
  A tengu skeleton (Vaults:3)
  40 ugly things
  An anaconda skeleton (Hell)
  22 ironbound convokers
  16 fauns
  3 oklob plants
  A wolf spider (Lair:5)
  A moth of wrath (Gauntlet)
  4 orc sorcerers
  2 worldbinders (Abyss:3)
  2 stone giant skeletons (Vaults:3)
  A shadow dragon skeleton (Crypt:1)
  8 cyclopes
  2 cyclopes (shapeshifter) (Vaults:5)
  3 shining eyes (Slime:4)
  9 elephants
  14 manticores
  31 salamanders
  7 human skeletons (Vaults:3)
  An iron dragon skeleton (Crypt:2)
  5 guardian serpents
  6 merfolk sirens
  19 orange demons (Pan)
  50 black mambas
  An apocalypse crab (Abyss:3)
  18 naga magi
  16 vault sentinels
  3 eyes of devastation
  4 water nymphs
  Maurice (D:11)
  18 demonic crawlers (Pan)
  A titan simulacrum (Coc:2)
  A torpor snail (Lair:5)
  4 gargoyles
  A centaur skeleton (Crypt:3)
  21 smoke demons
  A purple draconian zombie (Crypt:3)
  13 cane toads
  7 komodo dragons
  A sea snake zombie (Hell)
  An unseen horror (D:13)
  Psyche (D:9)
  A minotaur zombie (Gauntlet)
  5 hellions
  2 rime drakes
  A dire elephant skeleton (Pan)
  10 ice devils
  A yaktaur (shapeshifter) (Vaults:5)
  7 freezing wraiths
  2 bunyip simulacra (Coc:2)
  5 tengu conjurers
  4 anaconda simulacra
  A grey draconian zombie (Crypt:3)
  2 yaktaur skeletons (Vaults:3)
  7 efreet
  26 yaktaurs
  6 tormentors
  22 merfolk
  2 ancient zymes (Abyss:3)
  2 red devils (Pan)
  2 hydra zombies (Hell)
  A purple draconian skeleton (Crypt:2)
  5 trolls
  A minotaur skeleton (Crypt:2)
  3 meliai (Gauntlet)
  7 wind drakes
  A moth of wrath zombie (Crypt:1)
  A catoblepas skeleton (Crypt:1)
  2 harpy skeletons (Pan)
  Prince Ribbit (D:9)
  15 hellwings
  A raiju (shapeshifter) (Vaults:5)
  A meliai (shapeshifter) (D:13)
  2 hydra skeletons (Hell)
  3 polar bears
  5 hornets
  4 raiju
  5 blink frogs
  7 snapping turtles
  15 dream sheep
  A jumping spider (shapeshifter) (Vaults:1)
  An ice dragon zombie (Crypt:3)
  A meliai zombie (Crypt:3)
  3 ettin skeletons
  A stone giant simulacrum (Coc:2)
  An alligator zombie (Hell)
  A fire dragon skeleton (Pan)
  8 flying skulls
  107 slime creatures
  2 centaur simulacra
  2 alligator skeletons (Hell)
  11 wyverns
  14 wraiths
  38 starcursed masses
  2 spriggans (Depths:2)
  6 air elementals
  58 yaks
  3 vampires
  21 ynoxinuls
  2 dire elephant simulacra (Coc:2)
  4 fire elementals
  8 water elementals
  2 black mamba skeletons
  2 basilisks
  10 chaos spawn (Pan)
  30 neqoxecs
  An alligator snapping turtle simulacrum (Coc:2)
  19 golden eyes
  9 vampire mosquitoes
  2 steam dragons
  2 redbacks (Lair:5)
  A spatial vortex (Abyss:3)
  4 harpy simulacra
  50 nagas
  4 wargs
  51 large abominations
  2 acid dragons
  16 water moccasins
  3 hell hounds (Hell)
  A naga skeleton (Pan)
  A hydra simulacrum (Coc:2)
  A floating eye (Pan)
  A glowing shapeshifter skeleton (Vaults:3)
  3 black bears
  3 ice beasts
  An ettin simulacrum (Coc:4)
  28 orc warriors
  A sky beast (D:7)
  11 ogres
  11 wolves
  4 boggarts (Vaults:4)
  2 dream sheep skeletons (Crypt:2)
  11 centaurs
  2 swamp dragon skeletons
  8 small abominations
  2 kobold brigands (D:8)
  3 scorpions
  8 bullfrogs
  5 earth elementals
  5 necrophages
  4 wights (D:8)
  18 killer bees
  A yak skeleton (Crypt:1)
  A troll skeleton (Crypt:2)
  3 electric eels (Elf:3)
  3 howler monkeys
  4 crimson imps (D:14)
  A hound (D:5)
  A jelly (D:5)
  19 orc priests
  A scorpion zombie (Crypt:2)
  2 sleepcaps
  35 orc wizards
  Natasha (thrice) (D:2)
  6 iguanas
  2 boggart zombies
  6 hell rats (Lair:1)
  A boggart simulacrum (D:12)
  11 adders
  8 gnolls
  4 river rats
  A steam dragon skeleton (Crypt:2)
  2 shadow imps
  5 white imps
  7 ufetubi
  An adder skeleton (Crypt:3)
  6 worms
  4 dart slugs
  109 orcs
  6 ball pythons
  5 endoplasms
  5 giant cockroaches
  11 goblins
  7 hobgoblins
  7 quokkas
  A river rat zombie (Crypt:3)
  6 bats
  12 frilled lizards
  A frilled lizard zombie (Crypt:3)
  14 kobolds
  11 rats
  6 ball lightnings (Pan)
  7 fire vortices
  13 spectral weapons
  5 starspawn tentacles (Abyss:3)
  10 tentacles
3005 creatures vanquished.

Vanquished Creatures (others)
  An eldritch tentacle (Pan)
  A deep elf elementalist (Elf:3)
  A lorocyproca (Pan)
  A caustic shrike simulacrum (Coc:4)
  A wizard (Depths:2)
  A deep elf archer (Elf:2)
  2 titan simulacra
  A water nymph (Shoals:4)
  An ice devil (Hell)
  An air elemental (Abyss:3)
  A water elemental (Elf:2)
  2 alligator snapping turtle simulacra (Coc:3)
  6 harpy simulacra
  A naga simulacrum (Coc:2)
  A howler monkey (D:13)
  An orc (Orc:2)
  5 ball lightnings (Pan)
  2 creeping infernos (Hell)
  A fire vortex (Pan)
  95 spectral weapons
  17 starspawn tentacles (Abyss:3)
  7 tentacles
150 creatures vanquished.

Grand Total: 3155 creatures vanquished

Notes
Turn   | Place    | Note
-------+----------+-------------------------------------------
     0 | D:5      | comborobin the Hill Orc Delver began the quest for the Orb.
     0 | D:5      | Reached XP level 1. HP: 19/19 MP: 1/1
     1 | D:6      | Noticed a bullfrog
   145 | D:5      | Reached XP level 2. HP: 6/27 MP: 2/2
   252 | D:5      | Noticed a centaur
   345 | D:5      | Noticed a water moccasin
   478 | D:4      | Found a shimmering blue altar of Sif Muna.
   567 | D:4      | Reached skill level 1 in Maces & Flails
   722 | D:4      | Reached XP level 3. HP: 34/34 MP: 3/3
   785 | D:4      | Noticed a scorpion
   920 | D:4      | Killed a scorpion
   921 | D:4      | Reached skill level 5 in Fighting
   921 | D:4      | Reached XP level 4. HP: 25/42 MP: 4/4
   990 | D:4      | Found a staircase to the Ecumenical Temple.
   997 | Temple   | Entered the Ecumenical Temple
  1006 | Temple   | Became a worshipper of Cheibriados the Contemplative
  1238 | D:3      | Found a glowing drain.
  1246 | D:3      | Reached XP level 5. HP: 34/48 MP: 5/5
  1287 | Sewer    | Entered a sewer
  1574 | Sewer    | Reached * piety under Cheibriados
  2263 | D:3      | Noticed an ogre
  2266 | D:3      | Killed an ogre
  2267 | D:3      | Reached XP level 6. HP: 58/58 MP: 6/6
  2392 | D:3      | Found the +8 trident of the Octopus King {venom, rElec
                  | rPois}
  2742 | D:2      | Found a faded altar of an unknown god.
  2866 | D:2      | Reached ** piety under Cheibriados
  2909 | D:2      | Reached skill level 1 in Polearms
  2975 | D:2      | Noticed Natasha
  2978 | D:2      | Killed Natasha
  3298 | D:2      | Noticed Natasha
  3308 | D:2      | Killed Natasha
  3617 | D:2      | Noticed Natasha
  3621 | D:2      | Killed Natasha
  3930 | D:2      | Found a faded altar of an unknown god.
  4828 | D:1      | Reached XP level 7. HP: 64/64 MP: 7/7
  4832 | D:1      | Learned a level 3 spell: Ozocubu's Armour
  5480 | D:4      | Noticed a yak
  5480 | D:4      | Noticed a yak
  5480 | D:4      | Noticed a yak
  5481 | D:4      | Noticed a yak
  5487 | D:4      | Killed a yak
  5497 | D:4      | Killed a yak
  5498 | D:4      | Reached skill level 5 in Polearms
  5500 | D:4      | Killed a yak
  5501 | D:4      | Reached XP level 8. HP: 39/71 MP: 8/8
  5522 | D:4      | HP: 2/71 [yak (8)]
  5523 | D:4      | Killed a yak
  5719 | D:4      | Reached *** piety under Cheibriados
  6074 | D:5      | Reached skill level 1 in Invocations
  6078 | D:5      | Reached skill level 1 in Armour
  6094 | D:5      | Reached skill level 2 in Armour
  6582 | D:5      | Reached skill level 3 in Armour
  6582 | D:5      | Reached XP level 9. HP: 73/79 MP: 11/11
  6970 | D:5      | Reached **** piety under Cheibriados
  7016 | D:5      | Identified the +1 leather armour of Etaov {rPois Regen+
                  | rCorr Int-4}
  7352 | D:6      | Reached skill level 4 in Armour
  7387 | D:6      | Reached skill level 5 in Invocations
  7420 | D:6      | Found a sacrificial altar of Ru.
  7730 | D:7      | Reached ***** piety under Cheibriados
  7941 | D:7      | Reached skill level 5 in Armour
  8014 | D:7      | Learned a level 4 spell: Passage of Golubria
  8446 | D:8      | Reached XP level 10. HP: 80/91 MP: 13/13
  8473 | D:8      | Found Bovvon's Weapon Shop.
  8483 | D:8      | Bought a +0 broad axe of flaming for 138 gold pieces
  8507 | D:8      | Reached skill level 6 in Armour
  8764 | D:8      | Noticed Pikel
  8771 | D:8      | Killed Pikel
  8772 | D:8      | Reached skill level 10 in Fighting
  8772 | D:8      | Reached skill level 7 in Armour
  8929 | D:8      | Found a white marble altar of Elyvilon.
  9033 | D:8      | Noticed a purple ugly thing
  9043 | D:8      | Killed a purple ugly thing
  9044 | D:8      | Reached skill level 8 in Armour
  9334 | D:9      | Reached skill level 9 in Armour
  9477 | D:9      | Reached XP level 11. HP: 100/100 MP: 15/15
  9517 | D:9      | Noticed Prince Ribbit
  9528 | D:9      | Killed Prince Ribbit
  9529 | D:9      | Reached skill level 5 in Maces & Flails
  9606 | D:9      | Reached ****** piety under Cheibriados
  9636 | D:9      | Reached skill level 10 in Armour
  9669 | D:9      | Identified a scroll of acquirement
  9669 | D:9      | Acquired the +5 glaive of the Guard {elec, spectral, AC+5}
  9669 | D:9      | Found the +5 glaive of the Guard {elec, spectral, AC+5}
  9817 | D:9      | Noticed Psyche
  9818 | D:9      | Killed Psyche
 10074 | D:10     | Entered Level 10 of the Dungeon
 10105 | D:10     | Noticed Nergalle
 10118 | D:10     | Killed Nergalle
 10284 | D:10     | Found a staircase to the Orcish Mines.
 10328 | D:10     | Found a runed translucent door.
 10328 | D:10     | Found a shimmering altar of Xom.
 10328 | D:10     | Noticed FallenXxXSky's ghost (journeyman DsGl)
 10791 | D:10     | Noticed a +3 mace of chaos
 10937 | D:11     | Noticed Josephine
 10941 | D:11     | Killed Josephine
 10942 | D:11     | Reached XP level 12. HP: 56/111 MP: 18/18
 10995 | D:11     | Noticed a two-headed ogre
 11002 | D:11     | Killed a two-headed ogre
 11076 | D:11     | Found a staircase to the Lair.
 11141 | D:11     | Reached skill level 10 in Polearms
 11261 | D:11     | Found a blossoming altar of Fedhas.
 11423 | D:11     | Noticed Maurice
 11429 | D:11     | Killed Maurice
 11820 | D:12     | Noticed a two-headed ogre
 11826 | D:12     | Killed a two-headed ogre
 11904 | D:12     | Reached skill level 10 in Invocations
 11905 | D:12     | Found Vyxed's Assorted Antiques.
 12405 | D:13     | Noticed a boulder beetle
 12418 | D:13     | Killed a boulder beetle
 12486 | D:13     | Reached XP level 13. HP: 106/122 MP: 20/20
 12498 | D:13     | Gained mutation: You are clumsy. (Dex -2) [potion of
                  | mutation]
 13251 | D:13     | Reached skill level 15 in Polearms
 13344 | D:13     | Reached skill level 15 in Fighting
 13371 | D:13     | Noticed a fire giant
 13378 | D:13     | Killed a fire giant
 13564 | D:14     | Reached XP level 14. HP: 122/135 MP: 21/21
 13832 | Lair:1   | Entered Level 1 of the Lair of Beasts
 14527 | Lair:2   | Found a staircase to the Snake Pit.
 14575 | Lair:2   | Noticed Gastronok
 14585 | Lair:2   | Killed Gastronok
 14675 | Lair:2   | Acquired 964 gold pieces
 14878 | D:12     | Bought a scroll of acquirement for 1612 gold pieces
 14879 | D:12     | Acquired 1078 gold pieces
 15097 | Lair:2   | You fall into a shaft and drop 2 floors!
 15152 | Lair:4   | Found a gate leading to a gauntlet.
 15158 | Gauntlet | Entered a Gauntlet
 15158 | Gauntlet | Found a transporter.
 15158 | Gauntlet | Found a transporter.
 15166 | Gauntlet | Found a transporter.
 15170 | Gauntlet | Found a transporter.
 15182 | Gauntlet | Found a transporter.
 15186 | Gauntlet | Found a transporter.
 15194 | Gauntlet | Found a transporter.
 15209 | Gauntlet | Found a runed translucent gate.
 15210 | Gauntlet | Found a transporter.
 15210 | Gauntlet | Found a runed translucent gate.
 15211 | Gauntlet | Found a runed translucent gate.
 15224 | Gauntlet | Found a transporter.
 15228 | Gauntlet | Found a transporter.
 15236 | Gauntlet | Found a transporter.
 15240 | Gauntlet | Found a transporter.
 15363 | Gauntlet | Identified the +0 cloak of the Lich-sworn {Regen+}
 15394 | Gauntlet | Identified the ring of Suicidal Tendencies {rC+ rN++ Will-
                  | Int+6 Slay+2}
 15405 | Gauntlet | Got the Essays on the Assassin and Injury
 15405 | Gauntlet | Got the Tome of the Cooperative Adder
 15807 | Lair:4   | Identified the +2 robe "Damnable Contraption" {Int+5}
 16304 | Lair:5   | Entered Level 5 of the Lair of Beasts
 16393 | Lair:5   | Reached skill level 1 in Translocations
 16432 | Lair:5   | Reached skill level 1 in Spellcasting
 16703 | Lair:5   | Reached XP level 15. HP: 145/145 MP: 22/22
 17001 | Lair:5   | Found a staircase to the Slime Pits.
 17001 | Lair:5   | Found a viscous altar of Jiyva.
 17172 | Lair:5   | Noticed Nessos
 17177 | Lair:5   | Killed Nessos
 18475 | Lair:2   | Reached skill level 5 in Dodging
 18896 | D:14     | Found a gate to the Vaults.
 19191 | D:14     | Found a shimmering altar of Xom.
 19434 | D:15     | Entered Level 15 of the Dungeon
 19446 | D:14     | Reached skill level 11 in Armour
 19590 | D:15     | Noticed Rupert
 19598 | D:15     | Killed Rupert
 19599 | D:15     | Reached XP level 16. HP: 125/155 MP: 19/24
 19921 | D:15     | Found a staircase to the Depths.
 19926 | Depths:1 | Entered Level 1 of the Depths
 19929 | Depths:1 | Identified the +1 long sword "Donedd" {antimagic, rN+
                  | Stlth+}
 19939 | Depths:1 | Found Ugei's Jewellery Boutique.
 19940 | Depths:1 | Found Yfeleb's Book Shoppe.
 19942 | Depths:1 | Found Zebrish's Jewellery Boutique.
 19948 | Depths:1 | Bought the amulet of Disaster {Fragile rElec rPois Regen+
                  | Int-2} for 729 gold pieces
 20196 | Snake:1  | Entered Level 1 of the Snake Pit
 20351 | Snake:1  | Found Tejuot's CLEARANCE SALE!.
 20361 | Snake:1  | Learned a level 2 spell: Wereblood
 20592 | Snake:1  | Found Ykinet's Assorted Antiques.
 20633 | Snake:1  | Found a blossoming altar of Fedhas.
 20715 | Snake:1  | Noticed Roxanne
 20719 | Snake:1  | Killed Roxanne
 21321 | Snake:2  | Found a basalt altar of Yredelemnul.
 21624 | Snake:2  | Noticed Donald
 21634 | Snake:1  | Killed Donald
 21776 | Snake:2  | Found a large runed translucent door.
 21776 | Snake:2  | Found a large runed translucent door.
 21780 | Snake:2  | Noticed Ekaitz's ghost (adept TeAE)
 21849 | Snake:2  | Noticed a nagaraja
 21854 | Snake:2  | Killed a nagaraja
 21925 | Snake:2  | Noticed a nagaraja
 21931 | Snake:2  | Killed a nagaraja
 21979 | Snake:2  | Reached skill level 5 in Translocations
 22016 | Snake:2  | Reached skill level 12 in Armour
 22031 | Snake:2  | Reached XP level 17. HP: 155/162 MP: 26/26
 22168 | Snake:2  | Identified the ring "Cihore" {rC++ AC+4}
 22426 | Snake:2  | Killed Ekaitz's ghost
 22502 | Snake:3  | Found a burning altar of Makhleb.
 22518 | Snake:3  | Identified the +9 long sword of the Decaying God {drain,
                  | *Slow rElec Str+5 Int+3}
 22574 | Snake:3  | Reached skill level 5 in Spellcasting
 22629 | Snake:3  | Noticed Aizul
 22637 | Snake:3  | Killed Aizul
 23575 | Snake:4  | Entered Level 4 of the Snake Pit
 24009 | Snake:4  | Reached skill level 13 in Armour
 24159 | Snake:4  | Reached skill level 1 in Transmutations
 24159 | Snake:4  | Reached XP level 18. HP: 166/173 MP: 14/27
 24573 | Snake:4  | Got a serpentine rune of Zot
 24912 | Vaults:1 | Entered Level 1 of the Vaults
 25416 | Abyss:2  | Cast into level 2 of the Abyss (a wizard)
 25437 | Abyss:2  | Found a corrupted altar of Lugonu.
 25447 | Abyss:2  | Found a corrupted altar of Lugonu.
 25461 | Abyss:3  | Found a corrupted altar of Lugonu.
 25487 | Abyss:3  | Found a corrupted altar of Lugonu.
 25489 | Abyss:3  | Gained mutation: You are very clumsy. (Dex -4) [a
                  | cacodemon]
 25857 | Abyss:3  | Reached skill level 14 in Armour
 25876 | Abyss:3  | Got an abyssal rune of Zot
 25953 | Abyss:3  | Gained mutation: You are frail. (-10% HP) [a neqoxec]
 25957 | Abyss:3  | Lost mutation: You are very clumsy. (Dex -4) [potion of
                  | mutation]
 25957 | Abyss:3  | Lost mutation: You are clumsy. (Dex -2) [potion of
                  | mutation]
 25957 | Abyss:3  | Gained mutation: You do not regenerate when monsters are
                  | visible. [potion of mutation]
 25957 | Abyss:3  | Gained mutation: Your spells are a little harder to cast,
                  | but a little more powerful. [potion of mutation]
 25958 | Abyss:3  | Lost mutation: You are frail. (-10% HP) [potion of
                  | mutation]
 25958 | Abyss:3  | Lost mutation: You do not regenerate when monsters are
                  | visible. [potion of mutation]
 25958 | Abyss:3  | Lost mutation: Your spells are a little harder to cast, but
                  | a little more powerful. [potion of mutation]
 25958 | Abyss:3  | Gained mutation: Your body sometimes deteriorates upon
                  | taking damage. [potion of mutation]
 25958 | Abyss:3  | Gained mutation: You are partially covered in iridescent
                  | scales. (AC +2) [potion of mutation]
 25958 | Abyss:3  | Gained mutation: You are agile. (Dex +4, Str/Int -1)
                  | [potion of mutation]
 25989 | Abyss:3  | Reached XP level 19. HP: 183/183 MP: 27/29
 26043 | Abyss:3  | Gained mutation: Armour fits poorly on your strangely
                  | shaped body. [a neqoxec]
 26055 | Vaults:1 | Escaped the Abyss
 26140 | Vaults:1 | Lost mutation: Your body sometimes deteriorates upon taking
                  | damage. [potion of mutation]
 26140 | Vaults:1 | Lost mutation: You are partially covered in iridescent
                  | scales. (AC +2) [potion of mutation]
 26140 | Vaults:1 | Gained mutation: You occasionally shout uncontrollably at
                  | your foes. [potion of mutation]
 26140 | Vaults:1 | Gained mutation: You are very agile. (Dex +8, Str/Int -2)
                  | [potion of mutation]
 26140 | Vaults:1 | Gained mutation: Your mind is acute. (Int +4, Str/Dex -1)
                  | [potion of mutation]
 26141 | Vaults:1 | Lost mutation: You are very agile. (Dex +8, Str/Int -2)
                  | [potion of mutation]
 26141 | Vaults:1 | Lost mutation: Armour fits poorly on your strangely shaped
                  | body. [potion of mutation]
 26141 | Vaults:1 | Gained mutation: Your spells are a little easier to cast,
                  | but a little less powerful. [potion of mutation]
 26141 | Vaults:1 | Lost mutation: You are agile. (Dex +4, Str/Int -1) [potion
                  | of mutation]
 26142 | Vaults:1 | Lost mutation: Your spells are a little easier to cast, but
                  | a little less powerful. [potion of mutation]
 26142 | Vaults:1 | Lost mutation: Your mind is acute. (Int +4, Str/Dex -1)
                  | [potion of mutation]
 26142 | Vaults:1 | Gained mutation: You passively map a small area around you.
                  | [potion of mutation]
 26143 | Vaults:1 | Lost mutation: You passively map a small area around you.
                  | [potion of mutation]
 26143 | Vaults:1 | Lost mutation: You occasionally shout uncontrollably at
                  | your foes. [potion of mutation]
 26143 | Vaults:1 | Gained mutation: You are weak. (Str -2) [potion of
                  | mutation]
 26143 | Vaults:1 | Gained mutation: You are clumsy. (Dex -2) [potion of
                  | mutation]
 26143 | Vaults:1 | Gained mutation: You sometimes lose your temper in combat.
                  | [potion of mutation]
 26144 | Vaults:1 | Lost mutation: You are weak. (Str -2) [potion of mutation]
 26144 | Vaults:1 | Lost mutation: You are clumsy. (Dex -2) [potion of
                  | mutation]
 26144 | Vaults:1 | Gained mutation: You are frail. (-10% HP) [potion of
                  | mutation]
 26144 | Vaults:1 | Gained mutation: Your flesh is cold resistant. (rC+)
                  | [potion of mutation]
 26144 | Vaults:1 | Gained mutation: You have supernaturally acute eyesight.
                  | (SInv) [potion of mutation]
 26144 | Vaults:1 | Gained mutation: You expend magic power (3 MP) to
                  | strengthen your wands. [potion of mutation]
 26224 | Vaults:1 | Paralysed by a great orb of eyes for 2 turns
 27119 | Vaults:2 | Noticed Jory
 27129 | Vaults:2 | Killed Jory
 27426 | Vaults:2 | Reached skill level 15 in Armour
 27471 | Vaults:2 | Reached skill level 10 in Dodging
 27830 | Vaults:2 | Reached XP level 20. HP: 175/175 MP: 30/30
 27931 | Vaults:2 | Identified the +1 ring mail "Gabogec" {rElec Str+3 Dex+3
                  | Stlth+}
 28207 | Vaults:2 | Identified the ring "Mostrex" {rElec Will+ Str+2 Int-4}
 28423 | Vaults:3 | Found a flickering gateway to a bazaar.
 28494 | Bazaar   | Entered a bazaar
 28515 | Bazaar   | Found Kahuippo's Antique Armour Shoppe.
 28515 | Bazaar   | Found Kymm's Armour Emporium.
 28537 | Bazaar   | Found Qiyluero's Assorted Antiques.
 28548 | Bazaar   | Bought a pair of runed gloves for 165 gold pieces
 28564 | Bazaar   | Found Puk Cex's General Store.
 28564 | Bazaar   | Found Buyrch's Magic Scroll Emporium.
 28569 | Bazaar   | Bought a scroll of teleportation for 27 gold pieces
 28569 | Bazaar   | Bought a scroll of teleportation for 27 gold pieces
 28569 | Bazaar   | Bought a scroll of blinking for 67 gold pieces
 28569 | Bazaar   | Bought a scroll of teleportation for 27 gold pieces
 28569 | Bazaar   | Bought a scroll of blinking for 67 gold pieces
 28569 | Bazaar   | Bought a scroll of enchant weapon for 67 gold pieces
 28569 | Bazaar   | Bought a scroll of teleportation for 27 gold pieces
 28569 | Bazaar   | Bought a scroll of immolation for 36 gold pieces
 28569 | Bazaar   | Bought a scroll of immolation for 36 gold pieces
 28569 | Bazaar   | Bought a scroll of immolation for 36 gold pieces
 28612 | Bazaar   | Bought a scroll of enchant armour for 127 gold pieces
 28612 | Bazaar   | Bought a scroll of enchant armour for 127 gold pieces
 29358 | Vaults:3 | Identified the +7 trident of the Equinox {flame, rCorr
                  | Str+2}
 29530 | Vaults:3 | Found a staircase to the Crypt.
 30010 | Vaults:4 | Noticed Zenata
 30018 | Vaults:4 | Killed Zenata
 31143 | Orc:1    | Entered Level 1 of the Orcish Mines
 31164 | Orc:2    | Entered Level 2 of the Orcish Mines
 31265 | Orc:2    | Reached XP level 21. HP: 193/193 MP: 27/31
 31415 | Orc:2    | Found a staircase to the Elven Halls.
 31585 | Orc:2    | Found a roughly hewn altar of Beogh.
 31585 | Orc:2    | Found Onifujog's Antique Weapon Boutique.
 31586 | Orc:2    | Found Xeuna's Antique Armour Shop.
 31595 | Orc:2    | Bought a pair of faintly humming gloves for 294 gold pieces
 31595 | Orc:2    | Identified the +0 pair of gloves "Raotul" {-Cast rPois
                  | Will+} (You bought it in a shop on level 2 of the Orcish
                  | Mines)
 31648 | Orc:2    | Found a roughly hewn altar of Beogh.
 31669 | Orc:2    | Found a roughly hewn altar of Beogh.
 31674 | Orc:2    | Found Moixet's Book Boutique.
 31747 | Orc:2    | Found a roughly hewn altar of Beogh.
 31858 | Orc:2    | Found a roughly hewn altar of Beogh.
 31860 | Orc:2    | Found Ofolosih's Book Boutique.
 31976 | Elf:1    | Entered Level 1 of the Elven Halls
 32358 | Elf:1    | Got Vehumet's Textbook on Battle Magic
 32727 | Elf:1    | Found an ancient bone altar of Kikubaaqudgha.
 32828 | Elf:1    | Reached skill level 16 in Armour
 32859 | Elf:1    | Paralysed by an air elemental for 1 turns
 33221 | Elf:2    | Paralysed by an air elemental for 1 turns
 33238 | Elf:3    | Entered Level 3 of the Elven Halls
 33247 | Elf:3    | Noticed Nikola
 33256 | Elf:3    | Killed Nikola
 33305 | Elf:3    | Identified the +7 long sword "Wetunweu" {flame, Contam
                  | Str+6 Dex+3}
 33721 | Elf:3    | Reached skill level 17 in Armour
 33985 | Abyss:3  | Cast into level 3 of the Abyss (a deep elf demonologist)
 34083 | Elf:3    | Escaped the Abyss
 34097 | Elf:3    | Reached skill level 18 in Armour
 34278 | Elf:3    | Identified the +1 plate armour "Yceipho" {Drain +Inv rC+}
 34285 | Elf:3    | Identified the +6 long sword "Xiack" {flame, *Slow Str+5
                  | Dex+2}
 34458 | Elf:3    | Identified the staff of cold "Afuanug" {rF+ rC+ Str+2
                  | Stlth+}
 34465 | Elf:3    | Got Defe's Tome of Oxidation and the Caves
 34466 | Elf:3    | Identified the staff of earth "Elaudas" {Contam rPois
                  | Int+3}
 34496 | Elf:3    | Identified the +2 dagger of Fypleiskoa {elec, *Corrode
                  | rN+++ Will- Dex+7}
 34507 | Elf:3    | Learned a level 1 spell: Apportation
 34512 | Elf:3    | Learned a level 4 spell: Manifold Assault
 34512 | Elf:3    | Identified the +9 shortbow of the Assorted Brambles
                  | {freeze, Dex+6}
 34803 | Elf:2    | Found a shimmering blue altar of Sif Muna.
 34862 | Elf:2    | Paralysed by an air elemental for 1 turns
 35013 | Elf:2    | Found a runed translucent gate.
 35013 | Elf:2    | Found a runed translucent gate.
 35013 | Elf:2    | Found a runed translucent gate.
 35150 | Abyss:3  | Cast into level 3 of the Abyss (+3 halberd of distortion)
 35162 | Elf:2    | Escaped the Abyss
 35165 | Elf:2    | Reached skill level 19 in Armour
 35185 | Elf:2    | Reached XP level 22. HP: 159/203 MP: 32/32
 35588 | Elf:2    | Acquired a manual of Transmutations
 35590 | Elf:2    | Acquired 902 gold pieces
 35664 | Elf:2    | Found Siq Tyr's One-of-a-Kind Rings.
 35694 | Elf:2    | Bought the ring "Nam Tughaang" {Fly rF+ EV+5 Str+2 Dex-4}
                  | for 814 gold pieces
 36305 | Depths:1 | Reached skill level 20 in Armour
 36406 | Depths:1 | Found a gateway to Hell.
 36620 | Depths:1 | Found a shadowy altar of Dithmenos.
 37142 | Depths:2 | Found Enneraan's Book Shop.
 37144 | Depths:2 | Found Femel's Weapon Emporium.
 37153 | Depths:2 | Bought a manual of Polearms for 1440 gold pieces
 37198 | Depths:2 | Noticed a golden dragon
 37202 | Depths:2 | Found Okkoxoph's Distillery.
 37235 | Depths:2 | Noticed a golden dragon
 37247 | Depths:2 | Killed a golden dragon
 37264 | Depths:2 | Found Lynoc's Antique Weapon Shoppe.
 37283 | Depths:2 | Killed a golden dragon
 37287 | Abyss:4  | Cast into level 4 of the Abyss (a wizard)
 37379 | Depths:2 | Escaped the Abyss
 37467 | Depths:2 | Noticed a juggernaut
 37476 | Depths:2 | Killed a juggernaut
 37552 | Depths:2 | Identified the ring "Hirevom" {Contam MP+9 Str+3 Int+5
                  | SInv}
 37571 | Depths:2 | Reached XP level 23. HP: 210/210 MP: 33/33
 37583 | Depths:2 | Identified the +4 whip "Urroful" {freeze, Will+}
 37737 | Depths:2 | Got Sif Muna's Tome of the Coarse Brume
 37902 | Depths:2 | Found a one-way gate leading to the halls of Pandemonium.
 37978 | Depths:2 | Found a sparkling altar of Nemelex Xobeh.
 38082 | Depths:2 | Found a portal to a secret trove of treasure.
 38251 | Depths:2 | You paid a toll of +5 gold dragon scales to enter a
                  | treasure trove
 38252 | Trove    | Entered a treasure trove
 38260 | Trove    | Identified the +3 pair of boots of the Beggar {rCorr Str+2}
 38277 | Trove    | Acquired the +5 pair of boots of Quosaj {+Inv rCorr Int+2
                  | Dex+4}
 38291 | Trove    | Identified the +2 pair of gloves of the Hall of Blades
                  | {Harm rPois Dex-5}
 38292 | Trove    | Identified the ring "Arik" {Fly rN+}
 38295 | Trove    | Identified the amulet "Ozaef" {Regen+ rCorr}
 38767 | Vaults:5 | Entered Level 5 of the Vaults
 38781 | Vaults:5 | Noticed an ancient lich
 38790 | Vaults:5 | Killed an ancient lich
 38992 | Vaults:5 | Noticed Sojobo
 38999 | Vaults:5 | Killed Sojobo
 39199 | Vaults:5 | Noticed a dread lich
 39203 | Vaults:5 | Killed a dread lich
 39222 | Vaults:5 | Identified the ring of Suspected Treachery {Fly rElec rC+
                  | Slay+3}
 39257 | Vaults:5 | Identified the +2 plate armour of the Land of Plenty {Drain
                  | rF+ Regen+ Str+3}
 39276 | Vaults:5 | Paralysed by an orc sorcerer for 2 turns
 39334 | Vaults:5 | Lost mutation: Your flesh is cold resistant. (rC+) [potion
                  | of mutation]
 39334 | Vaults:5 | Lost mutation: You are frail. (-10% HP) [potion of
                  | mutation]
 39334 | Vaults:5 | Gained mutation: You are somewhat resistant to further
                  | mutation. [potion of mutation]
 39450 | Vaults:5 | Noticed a golden dragon
 39455 | Vaults:5 | Killed a golden dragon
 39456 | Vaults:5 | Reached XP level 24. HP: 247/247 MP: 33/33
 39486 | Vaults:5 | Identified the +0 scale mail "Oriposku" {rF++}
 39488 | Vaults:5 | Identified the +4 kite shield "Majam" {rPois Dex+3}
 39520 | Vaults:5 | Lost mutation: You are somewhat resistant to further
                  | mutation. [potion of mutation]
 39520 | Vaults:5 | Lost mutation: You sometimes lose your temper in combat.
                  | [potion of mutation]
 39520 | Vaults:5 | Lost mutation: You expend magic power (3 MP) to strengthen
                  | your wands. [potion of mutation]
 39520 | Vaults:5 | Gained mutation: Armour fits poorly on your strangely
                  | shaped body. [potion of mutation]
 39520 | Vaults:5 | Gained mutation: You have sharp toenails. [potion of
                  | mutation]
 39521 | Vaults:5 | Lost mutation: Armour fits poorly on your strangely shaped
                  | body. [potion of mutation]
 39521 | Vaults:5 | Lost mutation: You have supernaturally acute eyesight.
                  | (SInv) [potion of mutation]
 39521 | Vaults:5 | Gained mutation: You possess an exceptional clarity of
                  | mind. [potion of mutation]
 39609 | Vaults:5 | Got the Almanac of the Autopsy and Terrain
 39775 | Vaults:5 | Identified the +7 scimitar "Death Rattle" {flame, *Corrode
                  | rPois Str+4 Int+3}
 40366 | Vaults:5 | Identified the scarf "Gurell" {shadows, rPois}
 40370 | Vaults:5 | Got the Annotations on Glacial Correspondence
 40372 | Vaults:5 | Identified the +0 halberd of the Inferno {antimagic, Drain
                  | rCorr Dex+3}
 40378 | Vaults:5 | Acquired the +2 pair of gloves "Opiow" {Harm Will+ Int+6
                  | Dex-5}
 40398 | Vaults:5 | Got a silver rune of Zot
 40817 | Elf:2    | Bought the ring of the Real Monster {Drain Fly Str+10
                  | Int+2} for 1677 gold pieces
 40817 | Elf:2    | Bought the ring "Qigudgh" {*Slow Fly rC+ rN+++ Str+7 Int-4}
                  | for 948 gold pieces
 41181 | Depths:2 | Bought a potion of mutation for 96 gold pieces
 41181 | Depths:2 | Bought a potion of curing for 36 gold pieces
 41181 | Depths:2 | Bought a potion of curing for 36 gold pieces
 41405 | Crypt:1  | Entered Level 1 of the Crypt
 42046 | Crypt:2  | Reached skill level 10 in Translocations
 42260 | Crypt:2  | Reached skill level 21 in Armour
 42941 | Crypt:2  | Found a runed translucent door.
 42942 | Crypt:2  | Noticed Voydouki's ghost (veteran MiGl)
 43238 | Crypt:3  | Entered Level 3 of the Crypt
 43406 | Crypt:3  | Noticed a dread lich
 43415 | Crypt:3  | Killed a dread lich
 43416 | Crypt:3  | Reached XP level 25. HP: 255/255 MP: 2/33
 43559 | Crypt:3  | Identified the ring "Keim" {rPois rCorr}
 43561 | Crypt:3  | Got the Quarto of Malignant Rites
 43575 | Crypt:3  | Identified the +6 scale mail of Divine Intervention {rC++
                  | rCorr Str-2 Slay+2}
 43674 | Crypt:3  | Found a staircase to the Tomb.
 44488 | Shoals:1 | Entered Level 1 of the Shoals
 44492 | Shoals:1 | Learned a level 2 spell: Sublimation of Blood
 44761 | Shoals:1 | Reached skill level 1 in Necromancy
 45358 | Shoals:2 | Found a runed translucent door.
 45360 | Shoals:2 | Identified the amulet of Erodgheo {Acrobat *Slow Str+4}
 45462 | Shoals:2 | Reached skill level 22 in Armour
 45553 | Shoals:2 | Acquired 650 gold pieces
 46816 | Shoals:4 | Entered Level 4 of the Shoals
 47029 | Shoals:4 | Reached skill level 5 in Necromancy
 47377 | Shoals:4 | Got a barnacled rune of Zot
 47875 | Slime:1  | Entered Level 1 of the Pits of Slime
 48137 | Slime:4  | Gained mutation: Your spells are a little easier to cast,
                  | but a little less powerful. [a shining eye]
 48174 | Slime:5  | Entered Level 5 of the Pits of Slime
 48178 | Slime:5  | Reached skill level 23 in Armour
 48459 | Slime:5  | Noticed the Royal Jelly
 48478 | Slime:5  | Killed the Royal Jelly
 48479 | Slime:5  | Reached XP level 26. HP: 128/264 MP: 14/33
 49037 | Slime:5  | Found the +4 robe of Folly {Brill Will-∞ Int+8}
 49041 | Slime:5  | Identified the +3 bardiche of Nule Osu {flame, rElec rPois
                  | Str-4 Int+5}
 49074 | Slime:5  | Got a slimy rune of Zot
 49086 | Slime:5  | Got the Elucidation of Weather and Topology
 49133 | Slime:5  | Identified the +2 hand axe of the Destroying Gods {holy,
                  | rF+++ rC++ Will-}
 49200 | Slime:5  | Identified the +0 flail of Wealth {freeze, rCorr}
 49206 | Slime:5  | Identified the +7 quarterstaff of Xegruoza {freeze, rPois}
 49213 | Slime:5  | Identified the +2 battleaxe "Nius" {drain, +Blink Str+3}
 49227 | Slime:5  | Identified the staff of cold "Tasuef" {rC+ Int+3}
 49236 | Slime:5  | Identified the +3 war axe "Gymeroah" {spect, Int+7}
 49475 | Slime:3  | Reached skill level 24 in Armour
 50647 | Pan      | Entered Pandemonium
 50766 | Pan      | Learned a level 2 spell: Passwall
 50828 | Pan      | Acquired a manual of Translocations
 50837 | Pan      | Noticed Namawupi the pandemonium lord
 50843 | Pan      | Paralysed by you for 3 turns
 50850 | Pan      | Killed Namawupi the pandemonium lord
 51258 | Pan      | Found a transporter.
 51324 | Pan      | Found a transporter.
 51567 | Pan      | Gained mutation: You occasionally shout uncontrollably at
                  | your foes. [a cacodemon]
 51568 | Pan      | Gained mutation: Your magical capacity is low. (-10% MP) [a
                  | cacodemon]
 51594 | Pan      | Lost mutation: Your magical capacity is low. (-10% MP)
                  | [potion of mutation]
 51594 | Pan      | Lost mutation: You have sharp toenails. [potion of
                  | mutation]
 51594 | Pan      | Lost mutation: You occasionally shout uncontrollably at
                  | your foes. [potion of mutation]
 51594 | Pan      | Gained mutation: You are frail. (-10% HP) [potion of
                  | mutation]
 51594 | Pan      | Lost mutation: Your spells are a little easier to cast, but
                  | a little less powerful. [potion of mutation]
 51594 | Pan      | Gained mutation: You expend magic power (3 MP) to
                  | strengthen your wands. [potion of mutation]
 51641 | Pan      | Identified the ring of Reriomol {Ice Int+3}
 51654 | Pan      | Identified the ring of Liupnaom {Wiz rCorr Str+3 Dex-3}
 52222 | Pan      | Identified the +1 war axe of Daes {flame, rPois}
 52430 | Pan      | Found a runed translucent door.
 52446 | Pan      | Found a runed translucent door.
 52453 | Pan      | Found a runed translucent door.
 52463 | Pan      | Noticed Migis the pandemonium lord
 52473 | Pan      | Killed Migis the pandemonium lord
 52476 | Pan      | Got a demonic rune of Zot
 52493 | Pan      | Found a runed translucent door.
 52533 | Pan      | Entered the realm of Gloorx Vloq.
 52788 | Pan      | Reached XP level 27. HP: 243/243 MP: 33/33
 53256 | Pan      | Reached skill level 15 in Translocations
 53486 | Pan      | Noticed Gloorx Vloq
 53850 | Pan      | Killed Gloorx Vloq
 53923 | Pan      | Got a dark rune of Zot
 54047 | Pan      | Reached skill level 25 in Armour
 54059 | Pan      | Noticed Parut the pandemonium lord
 54062 | Pan      | Gained mutation: You occasionally shout uncontrollably at
                  | your foes. [a neqoxec]
 54160 | Pan      | Gained mutation: You occasionally lose the ability to read
                  | scrolls when taking damage. [a cacodemon]
 54163 | Pan      | Lost mutation: You are frail. (-10% HP) [potion of
                  | mutation]
 54163 | Pan      | Lost mutation: You possess an exceptional clarity of mind.
                  | [potion of mutation]
 54163 | Pan      | Gained mutation: Your body sometimes deteriorates upon
                  | taking damage. [potion of mutation]
 54163 | Pan      | Gained mutation: You are strong-willed. (Will+) [potion of
                  | mutation]
 54167 | Pan      | Lost mutation: You are strong-willed. (Will+) [potion of
                  | mutation]
 54167 | Pan      | Lost mutation: Your body sometimes deteriorates upon taking
                  | damage. [potion of mutation]
 54167 | Pan      | Lost mutation: You expend magic power (3 MP) to strengthen
                  | your wands. [potion of mutation]
 54167 | Pan      | Gained mutation: You sometimes lose the ability to read
                  | scrolls when taking damage. [potion of mutation]
 54167 | Pan      | Gained mutation: You are partially covered in iridescent
                  | scales. (AC +2) [potion of mutation]
 54167 | Pan      | Gained mutation: Your spells are a little harder to cast,
                  | but a little more powerful. [potion of mutation]
 54168 | Pan      | Lost mutation: You occasionally shout uncontrollably at
                  | your foes. [potion of mutation]
 54168 | Pan      | Lost mutation: You sometimes lose the ability to read
                  | scrolls when taking damage. [potion of mutation]
 54168 | Pan      | Lost mutation: Your spells are a little harder to cast, but
                  | a little more powerful. [potion of mutation]
 54168 | Pan      | Gained mutation: Your flesh is cold resistant. (rC+)
                  | [potion of mutation]
 54168 | Pan      | Gained mutation: You are dopey. (Int -2) [potion of
                  | mutation]
 54168 | Pan      | Gained mutation: You are mostly covered in iridescent
                  | scales. (AC +4) [potion of mutation]
 54168 | Pan      | Gained mutation: You are completely covered in iridescent
                  | scales. (AC +6) [potion of mutation]
 54202 | Pan      | Entered the realm of Mnoleg.
 54202 | Pan      | Noticed Mnoleg
 54211 | Pan      | Reached skill level 15 in Invocations
 54381 | Pan      | Gained mutation: You occasionally lose the ability to drink
                  | potions when taking damage. [a neqoxec]
 54601 | Pan      | Gained mutation: Your body sometimes deteriorates upon
                  | taking damage. [a neqoxec]
 54602 | Pan      | Gained mutation: Your magical capacity is low. (-10% MP) [a
                  | neqoxec]
 54640 | Pan      | Gained mutation: Your body often deteriorates upon taking
                  | damage. [a cacodemon]
 54672 | Pan      | Lost mutation: You occasionally lose the ability to drink
                  | potions when taking damage. [potion of mutation]
 54672 | Pan      | Lost mutation: You occasionally lose the ability to read
                  | scrolls when taking damage. [potion of mutation]
 54672 | Pan      | Lost mutation: Your magical capacity is low. (-10% MP)
                  | [potion of mutation]
 54691 | Pan      | Found an exit through the horrors of the Abyss.
 54762 | Pan      | Gained mutation: You are weak. (Str -2) [a neqoxec]
 54820 | Pan      | Gained mutation: You occasionally lose the ability to read
                  | scrolls when taking damage. [a neqoxec]
 54865 | Pan      | Reached skill level 15 in Dodging
 54885 | Pan      | Identified the amulet of Trepidation {Drain rPois Regen+
                  | Int+2 SInv}
 55030 | Pan      | Gained mutation: You occasionally lose the ability to drink
                  | potions when taking damage. [a cacodemon]
 55084 | Pan      | Killed Mnoleg
 55088 | Pan      | Got a glowing rune of Zot
 55203 | Pan      | Entered the realm of Lom Lobon.
 55338 | Pan      | Noticed Lom Lobon
 55354 | Pan      | Got a magical rune of Zot
 55533 | Pan      | Killed Lom Lobon
 55802 | Pan      | Reached skill level 10 in Maces & Flails
 56253 | Pan      | Found a glowing silver altar of Zin.
 56281 | Pan      | Identified the orb of Rawih {*Rage, Contam rF+ SInv}
 56424 | Pan      | Identified the +6 tower shield "Ziomoef" {rF+}
 56754 | Pan      | Found a white marble altar of Elyvilon.
 56890 | Pan      | Identified the +1 tower shield of Antique Lucidity {Harm
                  | rC+++ Dex+3 Stlth-}
 57147 | Pan      | Reached skill level 15 in Maces & Flails
 57375 | Pan      | Noticed a seraph
 57375 | Pan      | Found a glowing golden altar of the Shining One.
 57383 | Pan      | Killed a seraph
 57409 | Pan      | Identified the +0 halberd of Inquiry {drain, *Noise rElec
                  | Dex+4}
 57833 | Pan      | Gained mutation: You sometimes lose the ability to read
                  | scrolls when taking damage. [a cacodemon]
 57835 | Pan      | Lost mutation: You are dopey. (Int -2) [potion of mutation]
 57835 | Pan      | Lost mutation: Your flesh is cold resistant. (rC+) [potion
                  | of mutation]
 57835 | Pan      | Lost mutation: You sometimes lose the ability to read
                  | scrolls when taking damage. [potion of mutation]
 57835 | Pan      | Lost mutation: You occasionally lose the ability to read
                  | scrolls when taking damage. [potion of mutation]
 57835 | Pan      | Gained mutation: Your flesh is heat resistant. (rF+)
                  | [potion of mutation]
 57880 | Pan      | Identified the +0 scale mail "Qocrakaa" {-Cast *Corrode
                  | rF+++ rC+}
 57941 | Pan      | Entered the realm of Cerebov.
 58082 | Pan      | Identified the +6 hand axe of the Magic Mushroom {vamp,
                  | rF++ rC+ Dex-2 Stlth+}
 58092 | Pan      | Got the Compendium of Burning and Turbulence
 58095 | Pan      | Identified the ring of Daunnor {+Blink rPois Int+6 Stlth+}
 58165 | Pan      | Identified the +8 rapier "comborobin's Bane" {flame, rC+}
 58179 | Pan      | Identified the +4 sling of Ignis's Brutal Revenge {freeze,
                  | rElec rN+ Str-5}
 58214 | Pan      | Found the +6 sword of Cerebov {flame}
 58214 | Pan      | Noticed Cerebov
 58228 | Pan      | Killed Cerebov
 58377 | Pan      | Got a fiery rune of Zot
 58378 | Pan      | Identified the +10 arbalest of the Radish {drain, Fragile
                  | rC+ Str+3 Int+4}
 58417 | Pan      | Identified the +6 flail of Starshine {spect, Str-3 Int+3
                  | Dex+4}
 58419 | Pan      | Identified the staff of conjuration "Xegagoux" {Fragile
                  | rElec Str-3 Dex+8}
 58464 | Pan      | Identified the +7 dagger of Ticium {speed, Dex+5}
 58617 | Pan      | Gained mutation: Your flesh is cold resistant. (rC+) [a
                  | neqoxec]
 58695 | Pan      | Reached skill level 26 in Armour
 58885 | Depths:2 | Escaped Pandemonium
 59378 | Depths:3 | Identified the +9 war axe "Ekluh" {pain, rN++ Will+}
 59426 | Depths:3 | Found a one-way gate to the infinite horrors of the Abyss.
 59644 | Depths:4 | Entered Level 4 of the Depths
 59773 | Depths:4 | Found a one-way gateway to a ziggurat.
 60127 | Depths:4 | Found a sacrificial altar of Ru.
 60250 | Depths:4 | Found a gate to the Realm of Zot.
 60335 | Hell     | Entered the Vestibule of Hell
 60335 | Hell     | Noticed Geryon
 60348 | Hell     | Killed Geryon
 60720 | Hell     | Found a gateway to the Iron City of Dis.
 60773 | Hell     | Found a gateway to the freezing wastes of Cocytus.
 60814 | Coc:1    | Entered Level 1 of Cocytus
 60863 | Coc:2    | Paralysed by a wendigo for 1 turns
 60869 | Coc:2    | Reached skill level 27 in Armour
 60881 | Coc:3    | Paralysed by a wendigo for 1 turns
 60924 | Coc:4    | HP: 5/253 [juggernaut simulacrum (40)]
 60924 | Coc:4    | Mangled by a juggernaut simulacrum

Illustrated notes

Levels and vault maps discovered:
D:1:      eino_arrival_water_star, layout_loops_cross, st_stairs_13,
          roderic_serpentine_path
D:2:      layout_basic, chequers_ecumenical_altar_simple,
          kennysheep_minor_cross, uniq_natasha
D:3:      layout_loops_ring, portal_sewer_entry_a
D:4:      layout_gridville, lemuel_round_altar, minmay_temple_entry_butterflies
D:5:      minmay_inner_zag, layout_loops_ring, minmay_checkerbox
D:6:      layout_cave_pools, nicolae_overflow_crystal_walls, solitary_fountain
D:7:      layout_loops_ring, grunt_ministairs_3
D:8:      layout_basic, nicolae_overflow_hidden_temple, serial_shops,
          nicolae_shop_bloodbath_and_beyond, uniq_pikel
D:9:      layout_roguey, uniq_psyche, uniq_prince_ribbit1
D:10:     layout_loops_ring, hiddenorc2_lemuel, ebering_ghost_xom, uniq_nergalle
D:11:     layout_gridville, erik_lair_orcish_takeover, fedhas_ov_isle_minmay,
          uniq_maurice, uniq_josephine
D:12:     layout_roguey, serial_ice, serial_ice_m, serial_ice_g, serial_ice_h,
          serial_ice_e, serial_shops, shop
D:13:     minmay_box_of_statues, layout_irregular_city,
          portal_ice_cave_entry_pillars_1, onia_ninara_cookie
D:14:     layout_basic, david_vaults_2, minmay_misc_feat_ornament,
          hangedman_abyss_or_decor_slice, drop_trap, led_xom_imps
D:15:     hangedman_depths_entry_civil_slaughter, layout_cave_pools, uniq_rupert
Temple:   hellmonk_temple_of_storms
Lair:1:   layout_gridlike, dreamdust_mushroom_princess,
          chequers_serial_rivers_small_b
Lair:2:   layout_long_grid, dummy_snake_entry, uniq_gastronok
Lair:3:   layout_chaotic_city, nicolae_shoals_entry_flooding, lemuel_fruit_tree,
          grunt_megastairs_5
Lair:4:   layout_long_grid, gauntlet_entry_generic, grunt_megastairs_4,
          infiniplex_staircase_pool
Lair:5:   hangedman_lair_tendril_chambers, layout_cave_pods,
          minmay_slime_entry_oklob_open, grunt_forest_large_clearing_hut,
          serial_bayou_shore_b, uniq_nessos
Shoals:1: layout_shoals
Shoals:2: nicolae_shoals_offshore_bank_account, layout_shoals
Shoals:3: layout_shoals
Shoals:4: shoals_end_hellmonk_lost_city
Snake:1:  layout_onion_interference, basic_altar, serial_shops,
          nicolae_shop_waterfront, nicolae_snake_gridmaze_big_u,
          nicolae_shop_clearance, uniq_roxanne
Snake:2:  kennysheep_snake, layout_cave_pods, basic_altar,
          ebering_ghost_disaster_area, guppyfry_library_mini, uniq_donald
Snake:3:  layout_chambers, basic_altar, nicolae_snake_lava_pool, uniq_aizul
Snake:4:  grunt_snake_rune_pools, layout_cave_pods, grunt_ministairs_1,
          nicolae_fountain_basement
Slime:1:  layout_caves
Slime:2:  layout_caves, nicolae_slime_barrier
Slime:3:  layout_caves
Slime:4:  layout_caves
Slime:5
Orc:1:    layout_caves, serial_shops, nicolae_shop_tiny_glass, basic_altar,
          hellmonk_bongcloud_opening, elves_outpost_lemuel
Orc:2:    grunt_orc_community_town_hall, layout_caves,
          grunt_orc_community_big_house_1, grunt_orc_community_big_house_1,
          grunt_orc_community_house_1, grunt_orc_community_house_1,
          grunt_orc_community_house_3, grunt_orc_community_house_2,
          mines_bat_river
Elf:1:    eino_elf_arrival_customs, layout_loops_corners, basic_altar,
          minmay_elf_annihilation, drop_trap, grunt_ministairs_12,
          dilly_guarded_unrand_elemental_staff
Elf:2:    elven_hall_of_blades_hangedman_original
          [nicolae_blade_entry_pointy_end], layout_gridlike,
          nicolae_shop_unique_rings, hex_medium, lemuel_upstairs_altar
Elf:3:    minmay_elf_hall_curves, layout_geoelf_castle, uniq_nikola
Vaults:1: ontoclasm_vaults_idyll, v_misc_30, v_misc_4,
          nicolae_vaults_more_shelving_1, vaults_mumra_hexcomb,
          nicolae_vaults_enemy_cabinets, vaults_room_ringed_pool,
          nicolae_vaults_heart-shaped_vault, v_misc_11,
          nicolae_vaults_circle_grid_a, ontoclasm_vaults_claustrophobia,
          nicolae_vaults_little_squares_4, layout_vaults_omnibox
Vaults:2: nicolae_vaults_closet_pinwheel_5, nicolae_vaults_theta,
          nicolae_vaults_little_squares_4, ontoclasm_vaults_ring_square,
          v_misc_3, nicolae_vaults_trapezoid_1, ontoclasm_vaults_eye,
          nicolae_vaults_closet_pinwheel_4, layout_vaults_chaotic_city,
          uniq_jory
Vaults:3: nicolae_vaults_swerve, nicolae_vaults_apartment_1,
          nicolae_vaults_sealed_display, nicolae_vaults_weapon_check,
          grunt_vaults_diagonal, ontoclasm_vaults_ring_square,
          minmay_crypt_entry_skeletal_spiral, nicolae_vaults_mitosis,
          nicolae_vaults_closet_pinwheel_4, nicolae_vaults_security_offices_1,
          hangedman_vaults_cutoff, nicolae_vaults_layer_cake_slice,
          layout_vaults_maze_snakey, serial_shops, bzr_entry_customers
Vaults:4: nicolae_vaults_back_hallway, nicolae_vaults_hallways_thing, v_misc_30,
          nicolae_vaults_offset_grid_hallway_1, nicolae_vaults_cochlea,
          nicolae_vaults_shrinking_rooms_1, nicolae_vaults_quartermaster,
          nicolae_vaults_little_squares_6, grunt_vaults_twisty,
          nicolae_vaults_trapezoid_2, v_misc_2, nicolae_vaults_little_squares_1,
          nicolae_vaults_surprise_closet, dpeg_vaults_monster_box,
          nicolae_vaults_little_squares_6, nicolae_vaults_diamond_1,
          nicolae_vaults_trapezoid_4, layout_vaults_omnicross, uniq_zenata
Vaults:5: uniq_sojobo
Crypt:1:  layout_gridlike
Crypt:2:  layout_basic, ebering_ghost_inner_flame, grunt_megastairs_2
Crypt:3:  david_glass_crypt, layout_gridlike, tomb_entry_forgotten_bobbens
Depths:1: layout_roguey, nicolae_integral_box, pf_hell_entry_tar_river,
          nicolae_dithmenos_shadow_blocks, minmay_shop_grove
Depths:2: minmay_the_grid_square_5x5_5x5_mashed
          [minmay_the_grid_square_5x5_seven,
          minmay_the_grid_square_5x5_intrusive_squares,
          minmay_the_grid_square_5x5_pentomino_r,
          minmay_the_grid_square_5x5_three_walls,
          minmay_the_grid_square_5x5_forky, minmay_the_grid_square_5x5_empty,
          minmay_the_grid_square_5x5_prize_deathbox,
          minmay_the_grid_square_5x5_eight,
          minmay_the_grid_square_5x5_prize_junk,
          minmay_the_grid_square_5x5_one_wall,
          minmay_the_grid_square_5x5_two_small, minmay_the_grid_square_5x5_z,
          minmay_the_grid_square_5x5_prize_open, minmay_the_grid_square_5x5_tie,
          minmay_the_grid_square_5x5_six_small,
          minmay_the_grid_square_5x5_hourglass,
          minmay_the_grid_square_5x5_prize_waves,
          minmay_the_grid_square_5x5_fat_x,
          minmay_the_grid_square_5x5_prize_itemx,
          minmay_the_grid_square_5x5_three_small,
          minmay_the_grid_square_5x5_sharp_hourglass,
          minmay_the_grid_square_5x5_fancy_junction,
          minmay_the_grid_square_5x5_broken_cross,
          minmay_the_grid_square_5x5_two_walls_a,
          minmay_the_grid_square_5x5_n_small], layout_cave_pools, pan_entry,
          hell_entry, serial_shops, nicolae_inconvenience_store,
          nicolae_stop_n_shop_1, shop, nicolae_shop_back_alley_shop,
          nicolae_trove_entry_diagonal, nemelex_diamond_rough_becter
Depths:3: hellmonk_ruined_rings, layout_gridlike, minmay_misc_feat_cross,
          abyss_entry, hell_entry, infiniplex_staircase_pool_2
Depths:4: grunt_zot_entry_gee_three, layout_gridlike, enter_ziggurat_d,
          nicolae_ru_sacrificial_ziggurat, hell_entry
Hell
Coc:1:    layout_ice_bergs
Coc:2:    layout_ice_bergs
Coc:3:    layout_cocytus_water_paths, nicolae_hells_hurtin_island
Coc:4:    layout_ice_bergs

Skill      XL: |  1  2  3  4  5  6  7  8  9 10 11 12 13 14 15 16 17 18 19 20 21 22 23 24 25 26 27 |
---------------+----------------------------------------------------------------------------------+-----
Axes           | 3 |  3.1
Fighting       | 4 5 6 7 9 10 11 13 15 16 17 18 19 20 24 25 26 | 26.9
Maces & Flails | 1 2 3 4 7 8 17 | 17.9
Polearms       | 3 6 8 9 12 15 17 18 19 23 25 26 | 26.0
Invocations    | 3 5 8 10 11 12 13 14 15 | 15.0
Armour         | 3 5 9 10 11 12 13 14 15 19 20 21 23 24 27 | 27.0
Dodging        | 2 4 5 6 7 8 10 12 14 18 | 18.5
Translocations | 1 3 5 6 7 8 9 10 14 16 | 16.0
Spellcasting   | 1 3 4 5 6 7 8 |  8.0
Transmutations | 1 3 |  3.0
Necromancy     | 5 8 |  8.2
Stealth        | |  4.1
Evocations     | |  0.3

Action                     |  1- 3 |  4- 6 |  7- 9 | 10-12 | 13-15 | 16-18 | 19-21 | 22-24 | 25-27 || total
---------------------------+-------+-------+-------+-------+-------+-------+-------+-------+-------++-------
  Melee: Hand axe          |    24 |       |       |       |       |       |       |       |       ||    24
         Morningstar       |    58 |   121 |       |       |       |       |       |       |       ||   179
         Trident           |       |    58 |   214 |   215 |     1 |       |       |       |       ||   488
         Punch             |       |       |     4 |     3 |     1 |       |       |       |       ||     8
         Glaive            |       |       |       |   179 |   394 |   719 |   996 |   779 |  1034 ||  4101
         Broad axe         |       |       |       |       |    59 |       |       |       |       ||    59
         Bardiche          |       |       |       |       |       |       |       |   126 |  1297 ||  1423
         Great mace        |       |       |       |       |       |       |       |       |    88 ||    88
  Throw: Throwing net      |       |       |       |       |       |       |       |       |     1 ||     1
   Cast: Wereblood         |       |       |       |       |       |     2 |     5 |     1 |    15 ||    23
         Ozocubu's Armour  |       |       |       |       |       |     1 |       |       |     1 ||     2
         Manifold Assault  |       |       |       |       |       |       |     1 |    31 |   366 ||   398
         Passage of Golubr |       |       |       |       |       |       |       |       |   113 ||   113
         Sublimation of Bl |       |       |       |       |       |       |       |       |   347 ||   347
         Apportation       |       |       |       |       |       |       |       |       |    12 ||    12
         Passwall          |       |       |       |       |       |       |       |       |     3 ||     3
 Invoke: Slouch            |       |       |       |     1 |     4 |    13 |     6 |    11 |    25 ||    60
         Step From Time    |       |       |       |       |     1 |     2 |     1 |     1 |     3 ||     8
         Temporal Distorti |       |       |       |       |     1 |     5 |     3 |     1 |    17 ||    27
  Evoke: Wand              |     3 |       |     1 |       |       |       |       |       |    13 ||    17
    Use: Scroll            |     2 |       |     4 |     3 |    12 |     6 |    11 |    18 |    33 ||    89
         Potion            |     1 |     1 |     8 |     2 |    10 |    10 |     7 |     3 |    16 ||    58
   Stab: Sleeping          |     1 |    11 |    10 |    20 |    10 |       |       |       |       ||    52
         Distracted        |       |       |     1 |     6 |    10 |    15 |    19 |    26 |    40 ||   117
         Petrified         |       |       |       |       |     3 |       |       |       |       ||     3
         Held in net/web   |       |       |       |       |       |       |       |       |     1 ||     1
 Armour: Leather armour    |    32 |    40 |    52 |    91 |   109 |       |       |       |       ||   324
         Scale mail        |       |       |    20 |       |       |       |       |       |       ||    20
         Chain mail        |       |       |       |       |    96 |   291 |   291 |   215 |       ||   893
         Gold dragon scale |       |       |       |       |       |       |       |    19 |       ||    19
         Plate armour      |       |       |       |       |       |       |       |    86 |  1013 ||  1099
  Dodge: Dodged            |    60 |    84 |   133 |   296 |   402 |   497 |   607 |   634 |  1936 ||  4649
